AoeStats
← E-d-d-i-e91G

MegaRandom

509079350Analyzed
2v2 RM · 8d ago on Sep 25, 2026· 51m 31s· 4 players
Game mode
Random Map
Map size
Medium (4 player)
Population
200
Speed
Normal
Resources
Standard
Victory
Conquest
Starting age
Dark Age
Ending age
Imperial Age
RankedLock teamsTeams togetherTeam positionsShared explorationLock speedFull tech treeHidden civsTurbo modeCheats
Victory
Defeat
🇩🇪 Bohemians · Germany
512
+11
🇩🇪 Franks · Germany
498
+11
🇦🇺 Khmer · Australia
393
-11
🇦🇺 Wu · Australia
386
-11
E-d-d-i-e91G
14:15 Feudal Age
17:32 Wheelbarrow
16:43 Town Watch
27:24 Castle Age
24:54 Man-at-Arms
27:28 Horse Collar
27:38 Loom
27:50 Gold Mining
28:06 Caravan
27:32 Long Swordsman
28:12 Fletching
28:37 Forging
28:32 Scale Mail Armor
29:33 Heavy Plow
29:23 Double-Bit Axe
31:18 Hand Cart
31:18 Town Patrol
31:32 Squires
32:12 Stone Mining
32:30 Pikeman
39:09 Gold Shaft Mining
39:17 Stone Shaft Mining
39:02 Bow Saw
43:16 Imperial Age
41:11 Padded Archer Armor
41:08 Bodkin Arrow
45:11 Halberdier
49:05 Bracer
49:26 Chain Mail Armor
49:28 Leather Archer Armor
IAMASTROMAN9714
9:03 Feudal Age
11:08 Double-Bit Axe
13:26 Bloodlines
19:26 Scale Barding Armor
20:42 Wheelbarrow
30:15 Castle Age
30:15 Man-at-Arms
30:32 Elite Skirmisher
31:47 Long Swordsman
42:55 Gold Mining
henkong
0:58 Loom
11:08 Feudal Age
16:05 Man-at-Arms
23:48 Castle Age
21:41 Double-Bit Axe
24:26 Wheelbarrow
29:51 Scale Barding Armor
29:47 Scale Mail Armor
34:48 Hand Cart
44:06 Imperial Age
43:41 Bow Saw
44:16 Cavalier
44:57 Husbandry
44:40 Heavy Mounted Crossbowman
47:18 Paladin
[SN4CKTiCS].DEBO
1:04 Loom
11:03 Feudal Age
11:34 Double-Bit Axe
15:25 Wheelbarrow
18:01 Scale Barding Armor
21:00 Castle Age
22:36 Crossbowman
24:17 Bow Saw
24:13 Horse Collar
26:34 Hand Cart
38:28 Imperial Age
37:40 Wagenburg Tactics
38:43 Chemistry
38:05 Ballistics
37:51 Siphons
37:41 Elite Skirmisher
38:44 Caravan
39:18 Hussite Reforms
38:44 Arbalester
40:41 Padded Archer Armor
40:32 Fletching
40:52 Forging
40:43 Scale Mail Armor
42:49 Fervor
45:17 Two-Man Saw
44:22 Heavy Plow
44:11 Town Watch
44:50 Block Printing
45:01 Illumination
44:36 Atonement
44:47 Redemption
44:38 Devotion
44:58 Sanctity
45:14 Theocracy
44:34 Herbal Medicine
48:10 Coinage
47:50 Guilds
48:46 Heresy
49:38 Leather Archer Armor
49:58 Iron Casting
49:39 Chain Mail Armor
49:21 Bodkin Arrow
48:50 Elite Hussite Wagon
50:52 Houfnice
Connection lost

Rejoining the realm…

Still unreachable

The connection could not be restored.

Session expired

The server has moved on; the page needs a fresh start.